 Dungeon Crawl Stone Soup version 0.31-a0-532-g28f74ba3e5 (webtiles) character file.

Game seed: 17534969979972519167

7814 Zonian the Fighter (level 11, -2/80 HPs)
             Began as an Octopode Shapeshifter on Aug 12, 2023.
             Was a Follower of Ashenzari.
             Slain by a wizard
             ... wielding a +0 falchion
              (9 damage)
             ... on level 10 of the Dungeon.
             The game lasted 00:25:24 (12050 turns).

Zonian the Fighter (Octopode Shapeshifter)         Turns: 12050, Time: 00:25:24

Health: -2/80      AC:  1    Str: 19    XL:     11   Next: 21%
Magic:  0/20       EV: 20    Int: 10    God:    Ashenzari [*.....]
Gold:   649        SH:  8    Dex: 19    Spells: 7/10 levels left

rFire   x . .        t - +3 dagger (venom)
rCold   + . .        C - +2 buckler "Meborudgh" {rElec}
rNeg    + . .        (helmet currently unavailable)
rPois   .            j - amulet of the Prescient Seeker {Spirit, Dev, Elem} (curse)
rElec   +            g - +5 ring of evasion
rCorr   .            f - ring of the Lashed God {Dex+6, Cun, Comp} (curse)
SInv    .            h - ring of ice
Will    .....        u - ring "Lashed Restlessness" {MP+9, Comp, Cun} (curse)
Stlth   +++++        q - ring of positive energy
HPRegen 0.33/turn    (no ring)
MPRegen 0.17/turn    (no ring)
                     (no ring)

%: guardian spirit
@: beast-form, hasted, invisible, very quick
A: beast (slay +3), almost no armour, amphibious, 8 rings, camouflage 1,
gelatinous body 1, (nimble swimmer 1), tentacles
a: Begin Untransformation, Renounce Religion, Curse Item, Shatter the Chains


You were on level 10 of the Dungeon.
You worshipped Ashenzari.
Ashenzari was aware of your devotion.
You were a hulking beast.
You visited 2 branches of the dungeon, and saw 11 of its levels.

You collected 724 gold pieces.
You spent 75 gold pieces at shops.

Inventory:

Hand Weapons
 t - a +3 dagger of venom (weapon)
Armour
 l - a +0 buckler
 C - the +2 buckler "Meborudgh" (worn) {rElec}
   (You acquired it on level 8 of the Dungeon)

   rElec:     It insulates you from electricity.
Magical Staves
 m - a staff of cold
Jewellery
 f - the cursed ring of the Lashed God (right tentacle) {Dex+6, Cun, Comp}
   (You acquired it on level 5 of the Dungeon)

   [ring of dexterity]

   Dex+6:     It affects your dexterity (+6).
   It has a curse which improves the following skills: Cunning: Dodging and
   Stealth.
   Companions: Summonings and Necromancy.
 g - a +5 ring of evasion (left tentacle)
 h - a ring of ice (on tentacle)
 j - the cursed amulet of the Prescient Seeker (around mantle) {Spirit, Dev, Elem}
   (You found it on level 2 of the Dungeon)

   [amulet of guardian spirit]

   Spirit:    It causes incoming damage to be divided between your reserves of
   health and magic.
   It has a curse which improves the following skills: Devices: Evocations and
   Shapeshifting.
   Elements:  Fire Magic, Ice Magic, Air Magic and Earth Magic.
 o - an amulet of regeneration
 q - a ring of positive energy (on tentacle)
 u - the cursed ring "Lashed Restlessness" (on tentacle) {MP+9, Comp, Cun}
   (You found it on level 7 of the Dungeon)

   [ring of magical power]

   MP+9:      It affects your magic capacity (+9).
   It has a curse which improves the following skills: Companions: Summonings
   and Necromancy.
   Cunning:   Dodging and Stealth.
 x - an amulet of magic regeneration
Talismans
 b - a beast talisman (active)
 c - a flux talisman
Wands
 a - a wand of flame (22)
Scrolls
 i - 3 scrolls of fear
 p - 2 scrolls of revelation
 y - 2 scrolls of blinking
 D - a scroll of enchant armour
 E - a scroll of butterflies
Potions
 d - 2 potions of enlightenment
 e - a potion of attraction
 r - 2 potions of brilliance
 s - 2 potions of degeneration
 z - 2 potions of might
 A - a potion of berserk rage
 B - a potion of curing


   Skills:
 + Level 9.5 Fighting
 - Level 4.0 Short Blades
 + Level 3.8(5.0) Dodging
 + Level 6.9(8.1) Stealth
 - Level 4.0 Shields
 - Level 9.2 Unarmed Combat
 + Level 5.9(6.7) Ice Magic
 + Level 4.7(5.4) Shapeshifting


You had 7 spell levels left.
You knew the following spells:

 Your Spells              Type           Power      Damage    Failure   Level
a - Ozocubu's Armour      Ice            20%        N/A       9%          3

Your spell library contained the following spells:

 Spells                   Type           Power      Damage    Failure   Level
 Frozen Ramparts          Ice            40%        1d7       9%          3
 Metabolic Englaciation   Hex/Ice        5%         N/A       97%         5
 Petrify                  Tmut/Erth      0%         N/A       99%         4
 Alistair's Intoxication  Tmut/Pois      0%         N/A       100%        5
 Borgnjor's Vile Clutch   Necr/Erth      0%         N/A       100%        5
 Eringya's Noxious Bog    Tmut/Pois      0%         4d6       100%        6
 Ozocubu's Refrigeration  Ice            10%        4d9       100%        7


Dungeon Overview and Level Annotations

Branches:
Dungeon (10/15)            Temple (1/1) D:7             Orc (0/2) D:10
   Lair: D:8-11

Altars:
Ashenzari
Cheibriados
Dithmenos
Elyvilon
Fedhas
Gozag
Hepliaklqana
Kikubaaqudgha
Makhleb
Nemelex Xobeh
Okawaru
Qazlal
Ru
Sif Muna
Trog
Uskayaw
Vehumet
Wu Jian
Xom
Yredelemnul
Zin
The Shining One

Shops:
D:3 *

Annotations:
D:3 1 runed translucent door, oldmanjim's ghost, amateur DEHs


Innate Abilities, Weirdness & Mutations

You are a hulking beast.
Your limbs bulge with bestial killing power. (Slay +3)
You cannot wear most types of armour.
You are amphibious.
You can wear up to eight rings at the same time.
Your skin changes colour to match your surroundings (Stealth+).
Your rubbery body absorbs attacks. (AC +1, EV +1)
((You are camouflaged when in or above water. (Stealth+)))
You have tentacles for arms and can constrict up to eight enemies at once.


Message History

Found a +0 dagger.
Found a scroll of identify.
Found a scroll of fear.
The wizard gestures wildly while chanting.
The wizard flickers and vanishes!
Deactivating autopickup; reactivate with Ctrl-A.
You hear some strange, mumbled words.
A fireball appears from out of thin air!
The fireball explodes!
The fireball engulfs you!!! The fire burns you terribly!
You see here a scroll of fear.
i - 3 scrolls of fear (gained 1) Unknown command.
You hear some strange, mumbled words.
A fireball appears from out of thin air!
The fireball explodes!
The fireball engulfs you!!! The fire burns you terribly!
Ouch! That really hurt!
* * * LOW HITPOINT WARNING * * *
You see here a scroll of identify.
Unknown command.
Okay, then.
Blink to where?
Press: ? - help, Dir - move target
As you read the scroll of blinking, it crumbles to dust.
Okay, then.
You fade into invisibility!
You feel better.
You feel yourself speed up.
A fireball appears from out of thin air!
The fireball explodes!
Unknown command.
Unknown command.
You miss something. You tentacle-slap something. Your squeeze misses something.
You completely miss something. Something hits you!
* * * LOW HITPOINT WARNING * * *
You puncture something! Something completely misses you.
You puncture something! You completely miss something.
Something closely misses you.
You completely miss something. You completely miss something.
Something hits you!
You die...

#.......##.####
#.......##.#
#..........#
#.......####
#########.......#..#
#..........).......#
#........?......#...#
#.....{....########.###
#.....h....# ....
#..........# ..u.
############ .... ....
.... .... .... .yy.


There were no monsters in sight!

Vanquished Creatures
  Erolcha (D:9)
  A two-headed ogre (D:10)
  A kobold demonologist (D:10)
  A komodo dragon (D:10)
  A troll (D:10)
  Prince Ribbit (D:7)
  Sigmund (D:6)
  A wraith (D:10)
  A yak (D:10)
  3 vampire mosquitoes (D:9)
  A basilisk (D:10)
  Menkaure (D:7)
  3 water moccasins
  2 ice beasts
  3 orc warriors (D:9)
  Duvessa (D:7)
  2 sky beasts
  3 black bears
  2 ogres
  3 centaurs
  4 phantoms
  2 kobold brigands
  5 bullfrogs (D:7)
  2 gnoll sergeants
  2 scorpions
  Dowan (D:7)
  6 killer bees
  8 howler monkeys
  2 jellies
  3 hounds
  13 orc priests
  3 iguanas
  3 iron imps (D:3)
  8 orc wizards
  A sleepcap (D:7)
  11 gnolls
  6 adders
  3 worms
  7 dart slugs
  45 orcs
  3 bats
  3 endoplasms
  5 giant cockroaches
  13 goblins
  9 hobgoblins
  16 jackals
  8 ball pythons
  2 frilled lizards
  17 kobolds
  2 rats (D:1)
246 creatures vanquished.

Notes
Turn   | Place    | Note
-------+----------+-------------------------------------------
     0 | D:1      | Zonian the Octopode Shapeshifter began the quest for the
                  | Orb.
     0 | D:1      | Reached XP level 1. HP: 13/13 MP: 1/1
   106 | D:1      | Reached skill level 1 in Stealth
   136 | D:1      | Reached XP level 2. HP: 18/18 MP: 2/2
   243 | D:1      | Reached XP level 3. HP: 6/24 MP: 3/3
   723 | D:2      | Reached XP level 4. HP: 29/29 MP: 4/4
  1277 | D:2      | You fall into a shaft and drop 1 floor!
  1277 | D:3      | Found Fon Erchoo's General Store.
  1285 | D:3      | Bought a scroll of teleportation for 30 gold pieces
  1285 | D:3      | Bought a +0 buckler for 45 gold pieces
  1304 | D:3      | Found a runed translucent door.
  1304 | D:3      | Noticed oldmanjim's ghost (amateur DEHs)
  1389 | D:3      | Reached XP level 5. HP: 35/35 MP: 5/5
  1429 | D:3      | Learned a level 3 spell: Ozocubu's Armour
  1446 | D:3      | Reached skill level 1 in Shields
  1959 | D:3      | Found a burning altar of Makhleb.
  1985 | D:3      | Reached XP level 6. HP: 28/42 MP: 3/6
  2730 | D:4      | Found a shimmering altar of Xom.
  2730 | D:4      | Found an ornate altar of the Wu Jian Council.
  2743 | D:4      | Found a white marble altar of Elyvilon.
  2744 | D:4      | Found a hazy altar of Hepliaklqana.
  2800 | D:4      | Reached skill level 5 in Stealth
  2800 | D:4      | Reached XP level 7. HP: 8/47 MP: 2/7
  3645 | D:4      | Reached skill level 5 in Unarmed Combat
  3892 | D:4      | Found an opulent altar of Gozag.
  4014 | D:5      | Entered Level 5 of the Dungeon
  4213 | D:5      | Identified a scroll of acquirement
  4213 | D:5      | Acquired a +6 ring of dexterity
  4250 | D:5      | Reached XP level 8. HP: 52/54 MP: 8/8
  4583 | D:5      | Found a blossoming altar of Fedhas.
  4605 | D:5      | Reached skill level 5 in Fighting
  5390 | D:6      | Noticed Sigmund
  5392 | D:6      | Reached skill level 1 in Short Blades
  5392 | D:6      | Reached XP level 9. HP: 63/63 MP: 9/9
  5401 | D:6      | Killed Sigmund
  6146 | D:6      | Found a snail-covered altar of Cheibriados.
  6371 | D:7      | Reached skill level 1 in Ice Magic
  6459 | D:7      | Noticed Dowan
  6461 | D:7      | Noticed Duvessa
  6465 | D:7      | Killed Dowan
  6474 | D:7      | Killed Duvessa
  6934 | D:7      | Noticed Menkaure
  6939 | D:7      | Killed Menkaure
  7829 | D:7      | Noticed Prince Ribbit
  7874 | D:7      | Found a staircase to the Ecumenical Temple.
  7880 | D:7      | Killed Prince Ribbit
  7881 | D:7      | Reached XP level 10. HP: 66/72 MP: 10/10
  7890 | Temple   | Entered the Ecumenical Temple
  7905 | Temple   | Became a worshipper of Ashenzari the Shackled
  8392 | D:8      | Found a glowing silver altar of Zin.
  8447 | D:8      | Found a basalt altar of Yredelemnul.
  8448 | D:8      | Found a shimmering blue altar of Sif Muna.
  8988 | D:8      | Acquired the +2 buckler "Meborudgh" {rElec}
  9529 | D:9      | Noticed Erolcha
  9532 | D:9      | Reached * piety under Ashenzari
  9910 | D:9      | Killed Erolcha
 10426 | D:9      | Reached skill level 5 in Ice Magic
 11027 | D:10     | Entered Level 10 of the Dungeon
 11027 | D:10     | Noticed a two-headed ogre
 11029 | D:10     | Killed a two-headed ogre
 11046 | D:10     | Noticed a kobold demonologist
 11056 | D:10     | Noticed a brown ugly thing
 11063 | D:10     | Noticed an orange demon
 11070 | D:10     | Reached XP level 11. HP: 42/80 MP: 2/11
 11298 | D:10     | Found a staircase to the Orcish Mines.
 12000 | D:10     | Noticed a wizard
 12035 | D:10     | HP: 3/80 [something/fireball (42)]
 12050 | D:10     | Slain by a wizard

Illustrated notes

Levels and vault maps discovered:
D:1:      sevenhm_arrival_forest_fort_large_4, layout_basic,
          chequers_serial_rivers_room_b
D:2:      layout_basic, kennysheep_small_spiral, dreamdust_wishing_well,
          guppyfry_early_orc_mine
D:3:      layout_basic, demons_altar, hellmonk_ghost_happy_afterlife,
          serial_shops, shop, minmay_increasing_density
D:4:      layout_cave_pools, grunt_temple_overflow_open,
          nicolae_gozag_seed_capital, serial_column_ruins,
          column_ruins_corridor_corner, column_ruins_open_tiny,
          column_ruins_corridor_straight, column_ruins_open_small
D:5:      layout_rooms, fedhas_altar_decomposition
D:6:      layout_loops_ring, cheibriados_altar_2, uniq_sigmund
D:7:      layout_layer_cave, minmay_temple_entry_gardened_gates,
          uniq_prince_ribbit1, uniq_menkaure, uniq_duvessa
D:8:      layout_basic, mainiacjoe_overflow_paths,
          chequers_temple_overflow_statue_of_worship
D:9:      layout_big_octagon, uniq_erolcha
D:10:     hangedman_cross_veins, layout_basic, dpeg_oklobed_lair,
          minmay_orc_entry_temple_small, enter_bailey_8, uniq_joseph
Temple:   nicolae_temple_bog_church

Skill      XL: |  1  2  3  4  5  6  7  8  9 10 |
---------------+-------------------------------+-----
Stealth        | 1 2 3 4 5 6 |  6.9
Fighting       | 2 3 4 6 8 9 |  9.5
Shields        | 1 2 3 4 |  4.0
Unarmed Combat | 4 5 7 8 9 |  9.2
Short Blades   | 1 4 |  4.0
Ice Magic      | 3 5 |  5.9
Shapeshifting  | 4 |  4.7
Dodging        | 3 |  3.8

Action                     |  1- 3 |  4- 6 |  7- 9 | 10-12 || total
---------------------------+-------+-------+-------+-------++-------
  Melee: Unarmed           |    50 |   100 |       |       ||   150
         Constrict         |    15 |    36 |    50 |    41 ||   142
         Tentacles         |     9 |    25 |    57 |    58 ||   149
         Punch             |     3 |     5 |    15 |    23 ||    46
         Dagger            |       |    23 |   194 |   212 ||   429
 Invoke: Curse Item        |       |       |       |     3 ||     3
  Evoke: Wand              |       |       |     2 |     2 ||     4
    Use: Potion            |       |     1 |     2 |     5 ||     8
         Scroll            |       |       |    16 |     5 ||    21
   Stab: Sleeping          |     9 |     6 |    18 |    10 ||    43
         Distracted        |       |       |     2 |       ||     2
 Armour: Skin              |     3 |    16 |    10 |     2 ||    31
  Dodge: Dodged            |    25 |    65 |    89 |    99 ||   278
  Block: Buckler           |       |    21 |    28 |    78 ||   127

Table legend: (Time is in decaauts)
 A = Elapsed time spent in this place.
 B = Non-inter-level travel time spent in this place.
 C = Inter-level travel time spent in this place.
 D = Time resting spent in this place.
 E = Time spent auto-exploring this place.
 F = Levels seen in this place.
 G = Mean time per level.
                   A        B        C        D        E       F      G
               +--------+--------+--------+--------+--------+-----+--------+
         Total |  11998 |  11664 |    334 |   4552 |   4847 |  11 | 1090.7 |
       Dungeon |  11977 |  11648 |    329 |   4546 |   4847 |  10 | 1197.7 |
        Temple |     20 |     15 |      5 |      6 |      0 |   1 |   20.0 |
               +--------+--------+--------+--------+--------+-----+--------+

Top non-repeatable levels by time:
     D:7: 1995 daAuts
     D:9: 1707 daAuts
     D:3: 1699 daAuts
     D:6: 1445 daAuts
     D:4: 1207 daAuts
     D:8: 1130 daAuts
    D:10: 791 daAuts
     D:5: 677 daAuts
     D:1: 662 daAuts
     D:2: 659 daAuts
  Temple: 20 daAuts
